AoeStats
← 富尔坎

Black Forest

508440076Analyzed
4v4 RM · 11d ago on Sep 22, 2026· 43m 55s· 8 players
Game mode
Random Map
Map size
Large (8 player)
Population
200
Speed
Normal
Resources
Standard
Victory
Conquest
Starting age
Dark Age
Ending age
Imperial Age
RankedLock teamsTeams togetherTeam positionsShared explorationLock speedFull tech treeHidden civsTurbo modeCheats
Victory
Defeat
🇪🇸 Turks · Spain
930
+16
🇫🇷 Maya · France
900
+17
🇮🇳 Celts · India
890
+18
🇨🇳 Teutons · China
864
+19
🇩🇪 Burgundians · Germany
1000
-64
🇩🇪 Franks · Germany
937
-53
🇩🇪 Spanish · Germany
933
-18
🇬🇧 Franks · United Kingdom
837
-34
Sakuneti Le-Preckson
0:52 Loom
12:58 Feudal Age
13:27 Horse Collar
13:34 Double-Bit Axe
16:47 Wheelbarrow
19:20 Castle Age
18:46 Gold Mining
18:53 Stone Mining
20:34 Bow Saw
20:27 Heavy Plow
21:56 Wheelbarrow
22:18 Gold Shaft Mining
24:56 Hand Cart
29:58 Imperial Age
28:23 Town Watch
29:41 Caravan
30:16 Padded Archer Armor
30:07 Fletching
32:00 Two-Man Saw
32:33 Leather Archer Armor
33:04 Bodkin Arrow
33:11 Town Patrol
33:50 Ballistics
35:09 Ring Archer Armor
34:40 Bracer
35:37 Elite Janissary
36:32 Masonry
36:55 Sanctity
36:46 Fervor
37:11 Bombard Tower
36:48 Murder Holes
37:22 Conscription
40:34 Hoardings
40:05 Artillery
40:58 Scale Barding Armor
41:04 Forging
41:58 Bloodlines
41:48 Husbandry
42:54 Chain Barding Armor
43:10 Iron Casting
Donald
0:30 Loom
11:19 Feudal Age
12:46 Horse Collar
15:47 Castle Age
14:15 Gold Mining
16:17 Double-Bit Axe
22:15 Bow Saw
23:29 Wheelbarrow
23:50 Stone Mining
25:43 Heavy Plow
26:40 Stone Shaft Mining
25:55 Town Watch
27:08 Careening
30:53 Imperial Age
28:54 Ballistics
28:42 Fletching
29:35 Bodkin Arrow
30:26 Thumb Ring
32:38 Chemistry
32:02 Bracer
32:18 Padded Archer Armor
33:41 Leather Archer Armor
34:17 Crop Rotation
33:23 Elite Plumed Archer
34:52 Ring Archer Armor
34:23 Scale Mail Armor
34:41 Forging
36:40 Chain Mail Armor
38:16 Iron Casting
37:04 Pikeman
37:45 Squires
37:30 Arson
38:00 Halberdier
39:12 Plate Mail Armor
40:23 Onager
42:40 Eagle Warrior
43:52 Holcans
43:43 Conscription
44:29 Blast Furnace
43:51 Elite Eagle Warrior
1684017744
5:27 Loom
12:55 Feudal Age
16:58 Castle Age
15:44 Double-Bit Axe
24:16 Wheelbarrow
23:38 Gold Mining
24:39 Horse Collar
25:30 Hand Cart
30:02 Imperial Age
28:48 Forging
28:38 Scale Mail Armor
28:57 Pikeman
29:22 Gambesons
29:38 Squires
29:23 Arson
30:17 Iron Casting
29:45 Heavy Plow
29:57 Bow Saw
33:47 Blast Furnace
33:02 Chain Mail Armor
33:24 Devotion
32:48 Heavy Scorpion
32:52 Halberdier
34:42 Chemistry
34:22 Ironclad
34:24 Conscription
35:56 Two-Man Saw
35:37 Crop Rotation
35:10 Stone Mining
36:40 Plate Mail Armor
36:22 Siege Engineers
37:09 Stone Shaft Mining
36:50 Masonry
37:14 Ballistics
39:47 Caravan
39:57 Guilds
40:44 Town Watch
40:59 Onager
42:17 Town Patrol
42:23 Siege Onager
44:57 Hoardings
dushyanthkuthati
0:46 Loom
14:34 Feudal Age
16:33 Wheelbarrow
15:39 Horse Collar
15:45 Double-Bit Axe
15:53 Gold Mining
20:24 Castle Age
20:31 Castle Age
18:41 Scale Mail Armor
20:05 Forging
21:51 Hand Cart
21:54 Bow Saw
21:44 Heavy Plow
22:45 Pikeman
23:11 Arson
35:48 Imperial Age
35:28 Gold Shaft Mining
36:07 Heavy Scorpion
37:49 Iron Casting
37:29 Chain Mail Armor
37:49 Iron Casting
37:29 Chain Mail Armor
37:49 Iron Casting
40:11 Chemistry
39:31 Ballistics
39:17 Siege Engineers
38:54 Capped Ram
40:07 Siege Ram
43:25 Town Watch
anil44
0:34 Loom
16:16 Feudal Age
17:59 Double-Bit Axe
18:06 Man-at-Arms
19:19 Town Watch
20:09 Wheelbarrow
19:53 Gold Mining
19:54 Stone Mining
28:28 Castle Age
28:03 Padded Archer Armor
27:54 Fletching
28:15 Forging
28:06 Scale Mail Armor
28:12 Scale Barding Armor
35:20 Town Patrol
35:36 Hand Cart
36:40 Gold Shaft Mining
37:25 Squires
37:12 Gambesons
39:16 Pikeman
39:17 Long Swordsman
40:41 Chain Barding Armor
40:36 Chain Mail Armor
40:57 Iron Casting
40:18 Bodkin Arrow
40:39 Leather Archer Armor
41:26 Gambesons
41:42 Squires
43:25 Squires
43:11 Gambesons
富尔坎
6:00 Wheelbarrow
6:53 Double-Bit Axe
17:02 Feudal Age
15:27 Horse Collar
19:45 Gold Mining
21:31 Bow Saw
29:11 Hand Cart
29:24 Stone Mining
30:09 Gold Shaft Mining
29:51 Heavy Plow
30:44 Caravan
33:52 Castle Age
36:14 Two-Man Saw
35:52 Stone Shaft Mining
35:58 Crop Rotation
Bombardiro Croccodilo
11:50 Feudal Age
18:09 Castle Age
16:07 Double-Bit Axe
16:23 Horse Collar
21:32 Stone Mining
22:25 Bow Saw
23:05 Heavy Plow
23:36 Scale Barding Armor
26:27 Gold Mining
29:30 Ballistics
32:34 Imperial Age
30:52 Chain Barding Armor
30:44 Forging
30:30 Fletching
30:40 Padded Archer Armor
34:23 Chemistry
34:05 Wheelbarrow
33:15 Town Watch
34:08 Plate Barding Armor
33:29 Bodkin Arrow
33:01 Pikeman
33:43 Squires
35:16 Two-Man Saw
35:38 Iron Casting
35:06 Cavalier
40:11 Paladin
40:55 Husbandry
hck
13:41 Feudal Age
21:14 Castle Age
19:32 Scale Barding Armor
19:29 Scale Mail Armor
21:55 Gold Mining
25:08 Chain Barding Armor
25:04 Chain Mail Armor
24:59 Forging
25:57 Squires
25:17 Pikeman
26:04 Husbandry
30:24 Iron Casting
34:25 Elite Skirmisher
Connection lost

Rejoining the realm…

Still unreachable

The connection could not be restored.

Session expired

The server has moved on; the page needs a fresh start.